Map: Dead of Night

Players

MattBarry

  • Race: Protoss Protoss
  • Spawn Location: 0:00

MattBarry

  • Race: Zerg Zerg

VOD

Have the link to the VOD?

Description

Time

  • Played on: Jan. 3, 2023, 3:21 a.m.
  • Length: 25:46
Show
View Real Time Build Order
Export as new Build Order

MattBarry Protoss 

Build Orders:  

Get SALT Encoding   

  12  0:02  Probe (Chrono Boost)  
  13  0:16  Probe (Chrono Boost)  
  14  0:26  Pylon  
  14  0:29  Probe (Chrono Boost)  
  15  0:51  Probe (Chrono Boost)  
  15  0:53  Gateway  
  16  1:02  Assimilator  
  16  1:07  Probe (Chrono Boost)  
  17  1:21  Gateway  
  17  1:23  Probe (Chrono Boost)  
  18  1:37  Probe (Chrono Boost)  
  18  1:39  Assimilator  
  19  1:54  Dark Pylon  
  19  1:59  Centurion  
  21  2:03  Cybernetics Core  
  21  2:05  Probe (Chrono Boost)  
  22  2:19  Probe (Chrono Boost)  
  23  2:31  Pylon  
  23  2:36  Centurion  
  23  2:37  Centurion, Probe (Chrono Boost)  
  28  2:54  Warp Gate  
  28  3:03  Forge, Probe (Chrono Boost)  
  29  3:14  Pylon  
  29  3:17  Probe (Chrono Boost)  
  30  3:23  Stalker x2  
  30  3:29  Protoss Ground Weapons Level 1  
  34  3:56  Photon Cannon  
  34  4:04  Probe (Chrono Boost)  
  35  4:17  Stalker  
  35  4:18  Stalker  
  35  4:40  Pylon  
  36  4:51  Probe (Chrono Boost)  
  36  4:52  Assimilator  
  36  4:58  Gateway  
  36  4:59  Gateway  
  36  5:00  Twilight Council  
  36  5:04  Gateway  
  36  5:06  Pylon  
  37  5:12  Probe (Chrono Boost)  
  37  5:19  Stalker x2  
  39  5:28  Probe (Chrono Boost)  
  40  5:45  Probe (Chrono Boost)  
  41  5:53  Stalker  
  41  5:54  Stalker  
  45  6:00  Protoss Ground Armor Level 1  
  45  6:12  Shadow Charge  
  45  6:21  Forge  
  45  6:27  Dark Shrine  
  45  6:29  Pylon  
  45  6:46  Dark Pylon  
  45  6:53  Stalker x2  
  45  6:54  Stalker x3  
  55  7:04  Protoss Ground Weapons Level 2  
  55  7:09  Blink  
  55  7:32  Argus Crystal  
  55  7:40  Centurion x3  
  55  7:41  Centurion  
  55  7:45  Centurion  
  65  8:20  Dark Pylon  
  65  8:24  Centurion x4  
  65  8:25  Centurion  
  75  8:32  Mind Control  
  69  8:57  Stargate  
  61  9:01  Pylon  
  61  9:02  Pylon  
  55  10:16  Oracle  
  53  10:24  Centurion x3  
  53  10:25  Centurion x2  
  63  10:31  Shadow Fury  
  63  10:32  Protoss Ground Weapons Level 3  
  63  10:33  Protoss Ground Armor Level 2  
  66  10:44  Photon Cannon  
  66  10:46  Oracle  
  66  10:47  Photon Cannon, Probe (Chrono Boost)  
  67  11:09  Darkcoil  
  70  11:11  Centurion  
  70  11:12  Centurion x4  
  80  11:52  Dark Pylon  
  80  12:18  Centurion x5  
  90  12:20  Phase Reactor  
  90  12:47  Centurion x4  
  90  12:48  Centurion  
  100  12:52  Pylon  
  96  13:55  Centurion x3  
  96  13:56  Centurion x2  
  102  14:11  Gateway  
  102  14:15  Gateway  
  102  14:17  Gateway  
  102  14:18  Gateway  
  102  14:30  Protoss Ground Armor Level 3, Protoss Shields Level 1  
  102  14:35  Centurion  
  102  14:36  Centurion x3  
  110  14:48  Pylon  
  110  14:49  Pylon  
  108  14:52  Pylon  
  108  14:53  Pylon  
  108  14:57  Pylon x2  
  100  15:24  Dark Archon x2  
  100  15:25  Dark Archon x2  
  100  15:28  Dark Archon  
  120  15:35  Centurion x2  
  110  16:46  Dark Pylon  
  110  16:51  Centurion x4  
  110  16:52  Centurion x2  
  110  16:54  Centurion x3  
  123  17:47  Centurion x3  
  123  17:48  Centurion x5  
  123  17:49  Centurion  
  141  18:48  Oracle  
  141  18:49  Centurion x2  
  145  18:50  Centurion x5  
  145  18:51  Centurion x2  
  162  19:16  Pylon  
  162  19:17  Pylon  
  162  19:18  Oracle  
  162  19:21  Pylon  
  160  19:30  Photon Cannon  
  160  19:39  Photon Cannon  
  163  20:01  Dark Pylon  
  163  20:24  Centurion x2  
  163  20:25  Centurion  
  163  20:27  Centurion x3  
  163  20:28  Centurion  
  167  21:04  Pylon  
  167  21:07  Pylon  
  167  21:09  Pylon  
  166  21:11  Pylon  
  166  21:33  Probe (Chrono Boost)  
  168  21:50  Probe (Chrono Boost)  
  168  21:53  Centurion x6  
  168  21:54  Centurion x2  
  187  22:13  Dark Templar Blink  
  181  22:53  Dark Pylon  
  178  24:13  Dark Pylon  
  178  24:15  Centurion x5  
  178  24:16  Centurion  
  178  24:17  Centurion  
  178  24:18  Centurion  
  184  25:37  Dark Pylon  
Show
View Real Time Build Order
Export as new Build Order

MattBarry Zerg 

Build Orders:  

Get SALT Encoding   

  18  0:03  Primal Drone  
  19  0:11  Primal Drone  
  19  0:19  Primal Drone  
  21  0:25  Primal Drone  
  22  0:37  Primal Drone  
  23  0:55  Primal Warden  
  23  0:56  Primal Drone  
  25  1:15  Primal Drone  
  25  1:19  Extractor  
  26  1:23  Extractor  
  26  1:27  Primal Drone  
  27  1:37  Primal Drone  
  28  2:21  Primal Drone x2  
  30  2:37  Primal Drone  
  31  2:41  Primal Drone  
  31  2:47  Primal Zergling  
  31  2:48  Primal Zergling x2  
  36  3:03  Primal Warden  
  36  3:08  Glevig's Den  
  35  3:22  Primal Drone  
  35  3:23  Primal Drone  
  37  3:48  Extractor  
  37  3:56  Primal Drone x2  
  39  4:47  Primal Hydralisk x4  
  39  4:48  Primal Hydralisk  
  39  4:49  Primal Hydralisk x2  
  53  4:51  Primal Roach  
  53  4:56  Primal Drone x3  
  53  4:57  Primal Drone  
  59  5:05  Primal Drone  
  59  5:08  Primal Attacks Level 1  
  60  5:39  Primal Wurm  
  61  5:46  Primal Wurm  
  62  6:17  Primal Drone  
  62  6:18  Primal Drone x3  
  66  6:37  Primal Hive  
  73  6:44  Primal Warden  
  73  6:45  Murvar's Den  
  73  6:46  Primal Drone x2  
  73  8:01  Primal Hydralisk x10, Muscular Augments  
  93  8:34  Primal Drone  
  93  8:35  Primal Drone x4  
  93  8:37  Primal Attacks Level 2  
  95  8:59  Slicing Glave  
  91  9:11  Primal Drone x2  
  89  9:29  Primal Drone  
  90  9:34  Primal Hydralisk x4  
  98  9:59  Primal Reconstitution  
  98  10:27  Primal Mutalisk  
  98  10:28  Primal Mutalisk x5  
  98  10:29  Primal Mutalisk  
  91  10:30  Primal Hydralisk x2  
  95  10:44  Primal Carapace Level 1  
  96  11:10  Primal Warden  
  96  11:25  Impaler x3  
  96  11:29  Shifting Carapace  
  93  13:23  Primal Hydralisk x14  
  121  14:37  Impaler x3  
  121  14:38  Impaler  
  117  14:41  Impaler x3  
  114  15:10  Primal Hydralisk  
  114  15:11  Primal Hydralisk x9  
  134  16:22  Primal Hydralisk  
  134  16:23  Primal Hydralisk x6  
  148  17:03  Primal Mutalisk  
  148  17:04  Primal Mutalisk x2  
  148  17:08  Primal Mutalisk  
  148  17:09  Primal Mutalisk x4  
  134  18:00  Primal Hydralisk  
  134  18:01  Primal Hydralisk x3  
  134  20:58  Primal Hydralisk x2  
  134  20:59  Primal Hydralisk  
  140  21:04  Primal Hydralisk x14  
  156  22:27  Primal Hydralisk  
  156  22:28  Primal Hydralisk x7  
  172  24:14  Primal Hydralisk x3  
  172  24:15  Primal Hydralisk x7  
  192  24:21  Primal Mutalisk  
  192  24:28  Primal Mutalisk  
  190  24:31  Primal Mutalisk  
Tags
 
Commander
DehakaVorazun
Matchup
Co-op
Replay Pack
Multiplayer
Add a new tag
Caveats
  • Supply blocks, unpowered buildings, or Contaminate may cause inaccurate times.
  • Supply counts are checked every 10 seconds.